 Dungeon Crawl Stone Soup version 0.29-a0-1047-g7c58e119a4 (webtiles) character file.

Game seed: 2884861703071676973

2 ytrimaz the Insei (level 1, 0/15 HPs)
             Began as a Demonspawn Transmuter on Aug 17, 2022.
             Killed from afar by a dart slug (5 damage)
             ... with a slug dart
             ... on level 1 of the Dungeon.
             The game lasted 00:00:07 (24 turns).

ytrimaz the Insei (Demonspawn Transmuter)             Turns: 24, Time: 00:00:08

Health: 0/15       AC:  2    Str: 10    XL:     1   Next: 33%
Magic:  3/3        EV: 12    Int: 14    God:
Gold:   0          SH:  0    Dex: 13    Spells: 3/4 levels left

rFire   . . .      SeeInvis .     - Unarmed
rCold   . . .      Faith    .   (no shield)
rNeg    . . .      Spirit   .   a - +0 robe
rPois   .          Reflect  .   (no helmet)
rElec   .          Harm     .   (no cloak)
rCorr   .          Rampage  .   (no gloves)
Will    .....                   (no boots)
Stlth   +.........              (no amulet)
HPRegen 0.05/turn               (no ring)
MPRegen 0.08/turn               (no ring)

@: no status effects
A: no striking features
a: no special abilities


You were on level 1 of the Dungeon.
You visited 1 branch of the dungeon, and saw 1 of its levels.

Inventory:

Armour
 a - a +0 robe (worn)
Potions
 b - a potion of lignification


   Skills:
 * Level 1.1 Fighting
 + Level 1.8 Dodging
 + Level 2.8 Unarmed Combat
 - Level 2.0 Spellcasting
 - Level 1.7 Transmutations


You had 3 spell levels left.
You knew the following spells:

 Your Spells              Type           Power      Damage    Failure   Level
a - Beastly Appendage     Tmut           12%        N/A       12%         1

Your spell library contained the following spells:

 Spells                   Type           Power      Damage    Failure   Level
 Wereblood                Tmut           6%         N/A       17%         2
 Spider Form              Tmut/Pois      3%         N/A       45%         3
 Ice Form                 Ice/Tmut       3%         N/A       86%         4


Dungeon Overview and Level Annotations

Branches:
Dungeon (1/15)

Altars:


Message History

You barely miss the rat. You headbutt the rat.
The rat is moderately wounded.
The rat barely misses you.
You barely miss the rat. You headbutt the rat.
You kill the rat!
The dart slug launches a dart at you. The slug dart misses you.
Unknown command.
Your horns disappear.
Your talons disappear.
The goblin hits you with a +0 dagger.
The rat twitches its whiskers.
The goblin barely misses you. The rat bites you.
The rat bites you but does no damage.
Unknown command.
You hit the rat.
You kill the rat!
The rat closely misses you. The goblin barely misses you.
The dart slug launches a dart at you. The slug dart hits you.
Unknown command.
You are too injured to fight recklessly!
You are too injured to fight recklessly!
You closely miss the goblin.
The rat twitches its whiskers.
The rat closely misses you. The goblin barely misses you.
Unknown command.
You hit the rat.
The rat is moderately wounded.
The rat bites you. The goblin hits you but does no damage.
You closely miss the rat. You punch the rat, but do no damage.
The rat is moderately wounded.
The rat twitches its whiskers.
The rat closely misses you. The goblin hits you with a +0 dagger.
Unknown command.
You hit the goblin.
The goblin is heavily wounded.
The rat bites you but does no damage. The goblin hits you but does no damage.
The dart slug launches a dart at you. The slug dart hits you.
You die...

## ..### #...#
####### #...#
###.[...##
#...###.†@....[#
#...##...gr....#
#...##.†##...###
#...#..## ####
###'#'## #..w.#
#..<.# ##.###
...#


You could see a dart slug, a goblin and a rat.

Vanquished Creatures
  4 rats (D:1)
4 creatures vanquished.

Notes
Turn   | Place    | Note
-------+----------+-------------------------------------------
     0 | D:1      | ytrimaz the Demonspawn Transmuter began the quest for the
                  | Orb.
     0 | D:1      | Reached XP level 1. HP: 15/15 MP: 3/3
    24 | D:1      | Killed from afar by a dart slug

Illustrated notes

Levels and vault maps discovered:
D:1:      dpeg_arrival_ratfight, layout_loops_ring

Action                   || total
-------------------------++-------
Melee: Unarmed           ||    11
       Headbutt          ||     3
       Punch             ||     1
 Cast: Beastly Appendage ||     1
 Stab: Sleeping          ||     1
Armor: Robe              ||     4
Dodge: Dodged            ||    11

Table legend: (Time is in decaauts)
 A = Elapsed time spent in this place.
 B = Non-inter-level travel time spent in this place.
 C = Inter-level travel time spent in this place.
 D = Time resting spent in this place.
 E = Time spent auto-exploring this place.
 F = Levels seen in this place.
 G = Mean time per level.
                   A        B        C        D        E       F      G
               +--------+--------+--------+--------+--------+-----+--------+
         Total |     23 |     23 |      0 |      0 |      5 |   1 |   23.0 |
       Dungeon |     23 |     23 |      0 |      0 |      5 |   1 |   23.0 |
               +--------+--------+--------+--------+--------+-----+--------+

Top non-repeatable levels by time:
     D:1: 23 daAuts
